 Dungeon Crawl Stone Soup version 0.29-a0-334-gb41bcbb86e (webtiles) character file.

Game seed: 13939240051262774156

74 zeratav the Conjurer (level 4, -1/27 HPs)
             Began as an Octopode Conjurer on Apr 15, 2022.
             Slain by Grinder (4 damage)
             ... on level 3 of the Dungeon.
             The game lasted 00:07:38 (3837 turns).

zeratav the Conjurer (Octopode Conjurer)            Turns: 3837, Time: 00:07:39

Health: -1/27      AC:  1    Str:  6    XL:     4   Next: 30%
Magic:  1/7        EV: 13    Int: 22    God:
Gold:   210        SH:  0    Dex: 10    Spells: 5/8 levels left

rFire   . . .      SeeInvis .   c - +0 club {mace}
rCold   . . .      Faith    .   (no shield)
rNeg    . . .      Spirit   .   (helmet restricted)
rPois   .          Reflect  .   (no amulet)
rElec   .          Harm     .   (no ring)
rCorr   .          Rampage  .   (no ring)
Will    .....                   (no ring)
Stlth   +++.......              (no ring)
HPRegen 0.09/turn               (no ring)
MPRegen 0.10/turn               (no ring)
                                (no ring)
                                (no ring)

@: no status effects
A: almost no armour, amphibious, 8 rings, camouflage 1, gelatinous body 1,
(nimble swimmer 1), tentacles
a: no special abilities


You were on level 3 of the Dungeon.
You visited 1 branch of the dungeon, and saw 3 of its levels.

You collected 210 gold pieces.


Innate Abilities, Weirdness & Mutations

You cannot wear most types of armour.
You are amphibious.
You can wear up to eight rings at the same time.
Your skin changes colour to match your surroundings (Stealth+).
Your rubbery body absorbs attacks. (AC +1, EV +1)
((You are camouflaged when in or above water. (Stealth+)))
You have tentacles for arms and can constrict up to eight enemies at once.


   Skills:
 - Level 2.0 Dodging
 + Level 3.9 Stealth
 + Level 2.6 Spellcasting
 * Level 4.9 Conjurations


You had 5 spell levels left.
You knew the following spells:

 Your Spells              Type           Power      Damage    Failure   Level
a - Magic Dart            Conj           96%        1d7       1%          1
b - Searing Ray           Conj           48%        2d6       2%          2

Your spell library contained the following spells:

 Spells                   Type           Power      Damage    Failure   Level
 Dazzling Flash           Conj/Hex       26%        N/A       14%         3
 Fulminant Prism          Conj/Hex       6%         3d7       43%         4
 Iskenderun's Mystic Bla  Conj/Tloc      13%        2d5       43%         4

Inventory:

Hand Weapons
 c - a +0 club (weapon) {mace}
   (You took it off a goblin on level 1 of the Dungeon)
Magical Staves
 k - a staff of air {staff}
   (You found it on level 2 of the Dungeon)
Wands
 l - a wand of iceblast (8)
   (You found it on level 3 of the Dungeon)
Scrolls
 d - 3 scrolls of teleportation {unknown}
 e - 3 scrolls of blinking {unknown}
 f - 4 scrolls of identify {unknown}
 g - a scroll of summoning {unknown}
 j - 3 scrolls of enchant weapon {unknown}
Potions
 a - a potion of magic
 b - 3 potions of flight {unknown}
 h - 7 potions of heal wounds {unknown}
 i - a potion of curing {unknown}

Dungeon Overview and Level Annotations

Branches:
Dungeon (3/15)

Altars:
Ru

Annotations:
D:3 Grinder

....##########
.รท...........#########
###.#####.............
#.# #......######.#.
#.# #........(......
##.# #.)....#####....
#..# #.)....#.. . #.##
#.######.# #.######.#
#@## ##.##..<..# #5#.##
#...#.##### ##.###.##
......# #.# ##.#
#...### ##.###.## ##.##
#.#.## .#.# #.## .#.#
#.# .#.# #.#


You could see Grinder.


Message History

Things that are here:
a +0 short sword {short}; 19 stones {throwing}; a goblin corpse MP[+1]
Your mp is fully restored (7).
You see here a +0 dagger {short}.
A kobold comes into view. It is wielding a +0 dagger.
Casting: Magic Dart (safe; 1% risk of failure)
Confirm with . or Enter, or press ? or * to list all spells.
You can't see any susceptible monsters within range! (Use Z to cast anyway.)
Casting: Magic Dart (safe; 1% risk of failure)
Confirm with . or Enter, or press ? or * to list all spells.
You can't see any susceptible monsters within range! (Use Z to cast anyway.)
The magic dart hits the kobold.
You kill the kobold!
A hobgoblin comes into view.
MP[-1]
You lost 1 mp, and now have 6/7 mp.
The magic dart hits the hobgoblin.
MP[-1]
You lost 1 mp, and now have 5/7 mp.
The magic dart hits the hobgoblin.
MP[-1]
You lost 1 mp, and now have 4/7 mp.
The magic dart hits the hobgoblin.
You kill the hobgoblin!
MP[-1]
You lost 1 mp, and now have 3/7 mp.
l - a wand of iceblast (8) MP[+4]
Your mp is fully restored (7).
A frilled lizard comes into view.
The magic dart hits the frilled lizard.
You kill the frilled lizard!
MP[-1]
You lost 1 mp, and now have 6/7 mp.
A bat comes into view.
MP[+1]
Your mp is fully restored (7).
The magic dart hits the bat.
MP[-1]
You lost 1 mp, and now have 6/7 mp.
The magic dart hits the bat.
You kill the bat!
MP[-1]
You lost 1 mp, and now have 5/7 mp.
You see here a bat corpse.
You see here a +0 leather armour.
Found a stone staircase leading up.
MP[+2]
Your mp is fully restored (7).
f - 4 scrolls labelled DOPSIL UTOEGO (gained 1)
You now have 210 gold pieces (gained 9).
There is a stone staircase leading up here.
There is a stone staircase leading up here.
Grinder comes into view.
Grinder blinks!
Casting: Magic Dart (safe; 1% risk of failure)
Confirm with . or Enter, or press ? or * to list all spells.
Aiming: Searing Ray (safe; 2% risk of failure)
Press: ? - help, Shift-Dir - straight line, f - Grinder
Aim: Grinder (77% to hit)
The searing ray hits Grinder. (Press . to maintain the ray.) MP[-2]
You lost 2 mp, and now have 5/7 mp.
Casting: Searing Ray (safe; 2% risk of failure)
Confirm with . or Enter, or press ? or * to list all spells.
Restarting spell: Searing Ray (safe; 2% risk of failure)
Press: ? - help, Shift-Dir - straight line, f/p - Grinder
Aim: Grinder (lightly wounded, 77% to hit)
The searing ray hits Grinder. (Press . to maintain the ray.) MP[-2]
You lost 2 mp, and now have 3/7 mp.
Casting: Searing Ray (safe; 2% risk of failure)
Confirm with . or Enter, or press ? or * to list all spells.
Restarting spell: Searing Ray (safe; 2% risk of failure)
Press: ? - help, Shift-Dir - straight line, f/p - Grinder
Aim: Grinder (moderately wounded, 77% to hit)
The searing ray hits Grinder. (Press . to maintain the ray.) Grinder gestures at you.
You barely resist.
MP[-2]
You lost 2 mp, and now have 1/7 mp.
You hit Grinder. You grab Grinder. You squeeze Grinder, but do no damage.
You constrict Grinder, but do no damage.
Grinder hits you.
You writhe in agony.
HP[-6]
You take 6 damage, and now have 21/27 hp.
MASSIVE DAMAGE!! (PAUSE)
You hit Grinder. You constrict Grinder. Grinder hits you.
You writhe in agony.
* * * LOW HITPOINT WARNING * * *
HP[-8]
You take 8 damage, and now have 13/27 hp.
MASSIVE DAMAGE!! (PAUSE)
You hit Grinder. You squeeze Grinder. You constrict Grinder. Grinder hits you!
* * * LOW HITPOINT WARNING * * *
You writhe in agony.
You die...

Skill      XL: |  1 |
---------------+----+-----
Stealth        | 3 |  3.9
Dodging        | |  2.0
Spellcasting   | |  2.6
Conjurations   | |  4.9

Action                   |  1- 3 |  4- 6 || total
-------------------------+-------+-------++-------
Melee: Club              |     3 |     7 ||    10
       Tentacles         |       |     4 ||     4
       Constrict         |       |     2 ||     2
 Cast: Magic Dart        |    64 |    25 ||    89
       Searing Ray       |     3 |     7 ||    10
Armor: Skin              |     1 |       ||     1
Dodge: Dodged            |     1 |     2 ||     3

Levels and vault maps discovered:
D:1:      wheals_arrival_linesprint, layout_basic
D:2:      layout_basic, shapermc_ecumenical_altar_starsandcircs, basic_altar,
          hangedman_glass_teeth, kennysheep_minor_cross,
          hangedman_decor_riveting
D:3:      layout_loops_ring, uniq_grinder

Notes
Turn   | Place    | Note
-------+----------+-------------------------------------------
     0 | D:1      | zeratav the Octopode Conjurer began the quest for the Orb.
     0 | D:1      | Reached XP level 1. HP: 11/11 MP: 3/3
     0 | D:1      | magus.rc [v1.9.6]
   238 | D:1      | HP: 2/11 [frozen (5)]
   240 | D:1      | Reached skill level 3 in Stealth
   240 | D:1      | Reached XP level 2. HP: 3/17 MP: 3/5
   784 | D:1      | Learned a level 2 spell: Searing Ray
  1035 | D:1      | Reached XP level 3. HP: 21/21 MP: 4/6
  1808 | D:2      | Found a faded altar of an unknown god.
  2365 | D:2      | Found a sacrificial altar of Ru.
  2428 | D:2      | Reached XP level 4. HP: 27/27 MP: 2/7
  3831 | D:3      | Noticed Grinder
  3837 | D:3      | HP: 3/27 [Grinder (10)]
  3837 | D:3      | Slain by Grinder

Vanquished Creatures
  2 adders (D:2)
  A worm (D:2)
  A dart slug (D:1)
  2 orcs (D:3)
  6 bats
  5 endoplasms
  2 giant cockroaches
  5 hobgoblins
  8 kobolds
  A quokka (D:3)
  3 frilled lizards
  6 goblins
  5 rats
47 creatures vanquished.

Table legend:
 A = Non-vault XP
 B = Vault XP
 C = Vault XP percentage of total XP
 D = Non-vault monster count
 E = Vault monster count
 F = Vault count percentage of total count
                 A         B        C        D         E       F
            +---------+---------+-------+---------+---------+-------
      Total |     107 |       0 |   0.0 |      47 |       0 |   0.0
            +---------+---------+-------+---------+---------+-------
        D:1 |      41 |       0 |   0.0 |      23 |       0 |   0.0
        D:2 |      49 |       0 |   0.0 |      14 |       0 |   0.0
        D:3 |      17 |       0 |   0.0 |      10 |       0 |   0.0
            +---------+---------+-------+---------+---------+-------

Illustrated notes

Table legend:
 A = Kills in this place as a percentage of kills in entire the game.
 B = Kills by you in this place as a percentage of kills by you in the entire game.
 C = Kills by friends in this place as a percentage of kills by friends in the entire game.
 D = Other kills in this place as a percentage of other kills in the entire game.
 E = Experience gained in this place as a percentage of experience gained in the entire game.
 F = Experience gained in this place divided by the number of levels of this place that you have seen.
                   A       B       C       D       E      F
               +-------+-------+-------+-------+-------+----------------------
         Total | 100.0 | 100.0 |   N/A |   N/A | 100.0 |  35.7
       Dungeon | 100.0 | 100.0 |   N/A |   N/A | 100.0 |  35.7
               +-------+-------+-------+-------+-------+----------------------

Table legend: (Time is in decaauts)
 A = Elapsed time spent in this place.
 B = Non-inter-level travel time spent in this place.
 C = Inter-level travel time spent in this place.
 D = Time resting spent in this place.
 E = Time spent auto-exploring this place.
 F = Levels seen in this place.
 G = Mean time per level.
                   A        B        C        D        E       F      G
               +--------+--------+--------+--------+--------+-----+--------+
         Total |   3838 |   3722 |    116 |    556 |   2764 |   3 | 1279.3 |
       Dungeon |   3838 |   3722 |    116 |    556 |   2764 |   3 | 1279.3 |
               +--------+--------+--------+--------+--------+-----+--------+

Top non-repeatable levels by time:
     D:1: 1769 daAuts
     D:2: 1331 daAuts
     D:3: 737 daAuts
